 Dungeon Crawl Stone Soup version 0.19-a0-1050-g8e71ee3 (webtiles) character file.

304 Rome the Chiller (level 6, -8/29 HPs)
             Began as a Vine Stalker Ice Elementalist on Aug 1, 2016.
             Killed by divine providence
             ... invoked by an orc priest
              (11 damage)
             ... on level 4 of the Dungeon.
             The game lasted 00:34:32 (3662 turns).

Rome the Chiller (Vine Stalker Ice Elementalist)    Turns: 3662, Time: 00:34:33

Health: -8/29      AC:  3    Str: 10    XL:     6   Next: 38%
Magic:  0/12       EV: 13    Int: 16    God:
Gold:   17         SH:  0    Dex: 16    Spells: 3 memorised, 5 levels left

rFire  . . .     SeeInvis .     r - +4 quarterstaff (chaos)
rCold  . . .     Gourm    .     a - +0 robe
rNeg   . . .     Faith    .     (shield currently unavailable)
rPois  .         Spirit   +     (no helmet)
rElec  .         Dismiss  .     s - +0 cloak
rCorr  .         Reflect  .     (no gloves)
SustAt .         Harm     .     (no boots)
MR     .....                    (no amulet)
Stlth  +++.......               (no ring)
                                (no ring)

@: very slightly contaminated, not resistant to hostile enchantments, fairly
stealthy
A: fangs 2, regeneration 2, magic shield, antimagic bite, no device heal 3, rot
immunity
a: no special abilities


You were on level 4 of the Dungeon.
You were very full.

You visited 1 branch of the dungeon, and saw 4 of its levels.

You collected 56 gold pieces.
You spent 39 gold pieces at shops.

Inventory:

Hand Weapons
 k - a +4 club
 r - a +4 quarterstaff of chaos (weapon)
 t - a +1 mace of protection
 u - a +2 mace of crushing
 v - a +2 mace of venom
Armour
 a - a +0 robe (worn)
 s - a +0 cloak (worn)
Jewellery
 o - an uncursed amulet of dismissal {unknown}
 x - an uncursed ring of wizardry {unknown}
Wands
 y - a wand of polymorph (0/24)
 A - a wand of iceblast (7/15)
Scrolls
 d - a scroll of fear {unknown}
 h - a scroll of identify {unknown}
 m - a scroll of noise {unknown}
 n - a scroll of recharging {unknown}
 D - a scroll of teleportation {unknown}
 E - a scroll of amnesia {unknown}
 F - a scroll of magic mapping {unknown}
Potions
 e - a potion of ambrosia {unknown}
 f - 3 potions of flight {unknown}
 g - 2 potions of lignification {unknown}
 i - a potion of heal wounds {unknown}
 j - a potion of berserk rage {unknown}
 l - 2 potions of degeneration {unknown}
 q - a potion of haste {unknown}
 z - 3 potions of curing
 B - a potion of cancellation {unknown}
 C - 2 potions of resistance {unknown}
Books
 b - a book of Frost

   Spells                             Type                      Level
   a - Freeze                         Ice                          1
   b - Throw Frost                    Conjuration/Ice              2
   c - Ozocubu's Armour               Charms/Ice                   3
   d - Throw Icicle                   Conjuration/Ice              4
   e - Summon Ice Beast               Ice/Summoning                4
Comestibles
 p - 2 fruits


   Skills:
 + Level 0.8 Fighting
   Level 0.1 Short Blades
 + Level 0.1 Staves
 + Level 2.7 Dodging
 + Level 4.3 Stealth
 + Level 0.2 Unarmed Combat
 + Level 3.6 Spellcasting
 + Level 1.3 Conjurations
 + Level 4.4 Ice Magic


You had 5 spell levels left.
You knew the following spells:

 Your Spells              Type           Power        Failure   Level  Hunger
a - Freeze                Ice            ###.         3%          1    None
b - Throw Frost           Conj/Ice       ##....       10%         2    ##.....
c - Summon Ice Beast      Ice/Summ       #.......     75%         4    ####...


Dungeon Overview and Level Annotations

Branches:
Dungeon (4/15)
 Temple: D:4-7

Altars:
Cheibriados
Kikubaaqudgha

Shops:
D:4 !


Innate Abilities, Weirdness & Mutations

You have extremely sharp teeth.
You heal very quickly.
When hurt, damage is shared between your health and your magic reserves.
Your bite disrupts and absorbs the magic of your enemies.
Potions and wands cannot restore your health.
You are immune to rotting.


Message History

You have no ailments to cure.
Casting: Throw Frost
Confirm with . or Enter, or press ? or * to list all spells.
You don't have enough magic to cast that spell.
Unknown command.
The orc shouts!
You hit the orc priest. You freeze the orc priest.
The orc priest is moderately wounded.
The orc priest mumbles some strange prayers to Beogh against you.
Pain shoots through your body!
The orc wizard mumbles some strange words.
The orc wizard seems to speed up.
The orc priest misses you.
The orc wizard gestures wildly while chanting.
The orc wizard blinks!
The orc priest mumbles some strange prayers to Beogh against you.
Beogh smites you!
* * * LOW HITPOINT WARNING * * *
The orc priest calls down the wrath of Beogh upon you.
Beogh smites you!
You die...

##.# ######.# #...##.# .#
###..#.### #.# ##.)...###
#.# ##......###.###
###..........# ###
###........# ...
#@.......## # #.#
#.........##
....#..#######..........##
....)....o...o...........#
o........########........#
.....##...#≈≈≈≈≈##.......#
.... #>..#≈#.#≈###.[...##
..o #...#≈.∩.≈###.....##
.. ##..#≈#.#≈##.......#


You could see an orc priest.

Vanquished Creatures
  A scorpion (D:4)
  Crazy Yiuf (D:2)
  Jessica (D:2)
  Ijyb (D:3)
  Natasha (twice) (D:3)
  Terence (D:4)
  3 adders
  An ooze (D:3)
  2 dart slugs
  4 orcs
  A ball python (D:1)
  4 giant cockroaches
  4 goblins
  2 hobgoblins
  10 jackals
  2 quokkas (D:3)
  8 bats
  3 giant newts (D:2)
  7 kobolds
  5 rats
  A plant (D:1)
64 creatures vanquished.

Notes
Turn   | Place    | Note
-------+----------+-------------------------------------------
     0 | D:1      | Rome the Vine Stalker Ice Elementalist began the quest for the Orb.
     0 | D:1      | Reached XP level 1. HP: 9/9 MP: 4/4
   338 | D:1      | Reached XP level 2. HP: 9/13 MP: 3/6
   928 | D:1      | Learned a level 2 spell: Throw Frost
  1033 | D:1      | Reached XP level 3. HP: 14/16 MP: 5/7
  1233 | D:2      | Noticed Jessica
  1247 | D:2      | Killed Jessica
  1417 | D:2      | Found a snail-covered altar of Cheibriados.
  1423 | D:2      | Reached XP level 4. HP: 21/21 MP: 1/9
  1424 | D:2      | Noticed Terence
  1752 | D:2      | Found a runed door.
  1756 | D:2      | Noticed Crazy Yiuf
  1762 | D:2      | Killed Crazy Yiuf
  2264 | D:3      | Reached XP level 5. HP: 25/25 MP: 3/10
  2284 | D:3      | Learned a level 4 spell: Summon Ice Beast
  2365 | D:3      | Noticed Ijyb
  2404 | D:3      | Killed Ijyb
  2615 | D:3      | Found an ancient bone altar of Kikubaaqudgha.
  3215 | D:3      | Noticed Natasha
  3221 | D:3      | Killed Natasha
  3368 | D:3      | Noticed Natasha
  3373 | D:3      | Killed Natasha
  3522 | D:4      | Killed Terence
  3522 | D:4      | Gained mutation: You heal very quickly. [Vine Stalker growth]
  3522 | D:4      | Reached XP level 6. HP: 28/29 MP: 5/12
  3606 | D:4      | Found Kiqog's Distillery.
  3612 | D:4      | Bought a potion of curing for 39 gold pieces
  3662 | D:4      | Killed from afar by an orc priest

Vault maps used:
D:1:      minmay_arrival_open_corners, minmay_misc_feat_five,
          serial_bayou_pond_e
D:2:      kennysheep_slug_shrine, uniq_terence, uniq_crazy_yiuf_cottage,
          uniq_jessica
D:3:      lemuel_crystal_altar, uniq_iyjb, uniq_natasha
D:4:      grunt_temple_overflow_opulence, serial_shops, kennysheep_little_box,
          first_bread, minmay_mini_ossuary

Skill      XL: |  1  2  3  4  5 |
---------------+----------------+-----
Dodging        | 2 |  2.7
Stealth        | 3 4 |  4.3
Spellcasting   | 3 |  3.6
Ice Magic      | 4 |  4.4
Fighting       | |  0.8
Short Blades   | |  0.1
Staves         | |  0.1
Unarmed Combat | |  0.2
Conjurations   | |  1.3

Action                   |  1- 3 |  4- 6 || total
-------------------------+-------+-------++-------
Melee: Unarmed           |    11 |       ||    11
       Bite              |    68 |     6 ||    74
       Dagger            |   230 |       ||   230
       Club              |     3 |     7 ||    10
       Quarterstaff      |       |    36 ||    36
 Cast: Freeze            |    14 |    12 ||    26
       Throw Frost       |     7 |    33 ||    40
 Stab: Sleeping          |     3 |     4 ||     7
  Eat: Bread ration      |     2 |     1 ||     3
       Beef jerky        |     1 |       ||     1
       Meat ration       |       |     1 ||     1
Armor: Robe              |    24 |    12 ||    36
       Skin              |       |     6 ||     6
Dodge: Dodged            |    45 |    44 ||    89
